[Event "FIDE World Rapid Chess Championship 2021"]
[White "Krasenkow, Michal"]
[Black "Asadli, Vugar"]
[WhiteFideId "1113100"]
[BlackFideId "13405764"]
[WhiteElo "2430"]
[BlackElo "2309"]
[Result "1/2-1/2"]
[Round "07"]
[TimeControl "900+10"]
[Date "2021.12.27"]
[WhiteClock "0:01:05"]
[BlackClock "0:04:36"]

1. d4 d5 2. c4 e6 3. Nc3 Nf6 4. cxd5 exd5 5. Bg5 c6 6. e3 h6 7. Bh4 Be7 8. Bd3 Nbd7 9. Qc2 O-O 10. Nge2 Re8 11. O-O Nh5 12. Bxe7 Qxe7 13. Rab1 a5 14. a3 Nb6 15. b4 axb4 16. axb4 Bd7 17. Nc1 Nc4 18. Bxc4 dxc4 19. b5 Nf6 20. N1e2 g6 21. Qb2 Bf5 22. Ra1 Bd3 23. Rxa8 Rxa8 24. bxc6 bxc6 25. Ra1 Rxa1+ 26. Qxa1 Qb4 27. h3 Bxe2 28. Nxe2 Qd2 29. Nc3 Qc2 30. Qa5 Kg7 31. g4 Qc1+ 32. Kg2 Qd2 33. Qa3 Qd3 34. Qb4 h5 35. g5 Ne4 36. Nxe4 Qxe4+ 37. Kg1 Qd5 38. h4 Qe6 39. Qc5 Qg4+ 40. Kf1 Qxh4 41. Qxc6 Qh3+ 42. Ke1 Qe6 43. d5 Qe4 44. Qf6+ Kg8 45. d6 Qb1+ 46. Ke2 Qd3+ 47. Kf3 c3 48. Qe7 Qd5+ 49. Kg3 c2 50. d7 c1=Q 51. d8=Q+ Qxd8 52. Qxd8+ Kh7 53. Qf6 Qg1+ 54. Kh3 Qg4+ 55. Kh2 Qd7 56. Kg3 Kg8 57. f3 Qd1 58. e4 Qg1+ 59. Kh3 Qf1+ 60. Kg3 Qe1+ 61. Kh3 h4 62. Qf4 Qh1+ 63. Kg4 h3 64. Qb8+ Kh7 65. Qf4 Kg8 66. Qb8+ 1/2-1/2


[Site "http://www.Chess.com"]

[Event "FIDE World Rapid Chess Championship 2021"]
[White "Aziz, Husain"]
[Black "Tologontegin, Semetey"]
[WhiteFideId "12100293"]
[BlackFideId "13800574"]
[WhiteElo "2430"]
[BlackElo "2300"]
[Result "1-0"]
[Round "07"]
[TimeControl "900+10"]
[Date "2021.12.27"]
[WhiteClock "0:01:11"]
[BlackClock "0:00:44"]

1. e4 c5 2. Nf3 d6 3. Bb5+ Nd7 4. d4 cxd4 5. Qxd4 a6 6. Bxd7+ Bxd7 7. Nc3 e5 8. Qd3 h6 9. O-O Rc8 10. Rd1 Nf6 11. a4 Be7 12. Nd2 Qc7 13. Nf1 O-O 14. Ne3 Be6 15. Qe2 Qc6 16. Qf3 Bd8 17. a5 Qc5 18. Nf5 Bxf5 19. Qxf5 Rc6 20. Ra4 b5 21. axb6 Qxb6 22. Ra3 Qc7 23. Qf3 Qc8 24. h3 Kh7 25. Bd2 Bb6 26. Na4 Ba7 27. Rd3 Rc4 28. b3 Rxe4 29. Rxd6 Rd4 30. Rxd4 Bxd4 31. c3 e4 32. Qe2 Ba7 33. c4 Qb7 34. b4 Qc6 35. Ra1 Bd4 36. Bc3 Bxc3 37. Nxc3 Rb8 38. Ra4 Re8 39. c5 Re6 40. Ra2 Qb7 41. Qc4 g6 42. Qd4 h5 43. Re2 Qc6 44. Re3 Qb7 45. f3 Qc6 46. Nxe4 Nxe4 47. Rxe4 Rxe4 48. fxe4 Qa4 49. Kh2 Qc2 50. Qd5 Qf2 51. Qd6 Qc2 52. c6 Qxe4 53. c7 Qf5 54. Qc5 Qc8 55. Kg1 h4 56. Kf2 g5 57. Qxg5 Qxc7 58. Qxh4+ Kg6 59. Qg3+ Qxg3+ 60. Kxg3 Kf5 61. Kf3 Kg5 62. g3 Kf5 63. h4 f6 64. g4+ Ke5 65. h5 f5 66. g5 Kd5 1-0


[Site "http://www.Chess.com"]

[Event "FIDE World Rapid Chess Championship 2021"]
[White "Tang, Andrew"]
[Black "Sankalp, Gupta"]
[WhiteFideId "2059630"]
[BlackFideId "5097010"]
[WhiteElo "2427"]
[BlackElo "2266"]
[Result "0-1"]
[Round "07"]
[TimeControl "900+10"]
[Date "2021.12.27"]
[WhiteClock "0:00:41"]
[BlackClock "0:00:50"]

1. d4 d5 2. Nf3 Nf6 3. Bf4 c5 4. e3 e6 5. Nbd2 Bd6 6. c3 O-O 7. Bd3 Qc7 8. Bxd6 Qxd6 9. Ne5 b6 10. O-O Ba6 11. Bxa6 Nxa6 12. f4 Nc7 13. Rf3 b5 14. Rh3 cxd4 15. exd4 Qd8 16. g4 Ne4 17. Qe1 Nxd2 18. Qxd2 f6 19. Nd3 g6 20. Re1 Qd6 21. f5 exf5 22. gxf5 g5 23. Rhe3 Rae8 24. Qg2 Rxe3 25. Rxe3 Re8 26. Rxe8+ Nxe8 27. Nb4 Nc7 28. Qf3 a5 29. Nd3 Ne8 30. Nf2 Qc6 31. Ng4 Nc7 32. Qe3 Qd6 33. h4 gxh4 34. Kg2 h5 35. Nf2 Qd7 36. Qf3 Qg7+ 37. Kh3 Qg5 38. Nd1 Kh7 39. Ne3 Kh6 40. Ng2 Ne8 41. Nxh4 Nd6 42. b3 b4 43. cxb4 axb4 44. Qf2 Qg4+ 45. Kh2 Ne4 46. Qe3+ Kh7 47. Ng2 Qxf5 48. Qf4 Qg5 49. Qc7+ Kh6 50. Qb8 Kh7 51. Qb7+ Kg6 52. Qb8 h4 53. Qg8+ Kh5 54. Qh7+ Kg4 55. Qh8 Kf3 56. Ne1+ Kf2 57. Nd3+ Ke3 0-1


[Site "http://www.Chess.com"]

[Event "FIDE World Rapid Chess Championship 2021"]
[White "Zilka, Stepan"]
[Black "Klimkowski, Jan"]
[WhiteFideId "315303"]
[BlackFideId "21856222"]
[WhiteElo "2474"]
[BlackElo "2211"]
[Result "0-1"]
[Round "07"]
[TimeControl "900+10"]
[Date "2021.12.27"]
[WhiteClock "0:00:22"]
[BlackClock "0:00:16"]

1. e4 c5 2. Nf3 d6 3. d4 cxd4 4. Nxd4 Nf6 5. Nc3 a6 6. Be3 e5 7. Nb3 Be6 8. f3 h5 9. Qd2 Nbd7 10. Nd5 Bxd5 11. exd5 g6 12. Be2 b6 13. O-O Bg7 14. c4 O-O 15. Rac1 Rc8 16. Na1 a5 17. Nc2 h4 18. g4 Nh7 19. Kh1 Bf6 20. Na3 Nc5 21. Nb5 Qe7 22. Rg1 Rcd8 23. g5 Bg7 24. Rg4 h3 25. Rcg1 Rfe8 26. R1g3 Qd7 27. Bf1 Qf5 28. Nc3 e4 29. f4 Nd3 30. Rh4 Qc8 31. b3 Qa6 32. Nb5 Rd7 33. Bxh3 Rde7 34. Nxd6 Rd8 35. Nb5 a4 36. d6 Ree8 37. Nc7 Qb7 38. Nxe8 Rxe8 39. b4 Qc6 40. d7 Rd8 41. c5 bxc5 42. bxc5 Nf8 43. Qa5 Rxd7 44. Bxd7 Qxd7 45. Qa8 Qb5 46. Rg1 Qc4 47. c6 Qd5 48. Qxa4 Ne6 49. Rb1 Bf8 50. Rb5 Qxc6 51. Ra5 Qc3 52. Qxe4 Qxa5 53. Bg1 Qxa2 54. Qf3 Ndxf4 55. h3 Nh5 56. Rg4 Be7 57. h4 Qa1 58. Kg2 Qa2+ 59. Kh3 Qd2 60. Bh2 Bd6 61. Qa8+ Kg7 62. Qa1+ Kh7 63. Bxd6 Qxd6 64. Re4 Qd3+ 0-1


[Site "http://www.Chess.com"]

[Event "FIDE World Rapid Chess Championship 2021"]
[White "Postny, Evgeny"]
[Black "Baum, Jonasz"]
[WhiteFideId "2804344"]
[BlackFideId "1195360"]
[WhiteElo "2454"]
[BlackElo "2343"]
[Result "1-0"]
[Round "07"]
[TimeControl "900+10"]
[Date "2021.12.27"]
[WhiteClock "0:05:35"]
[BlackClock "0:01:14"]

1. d4 Nf6 2. c4 e6 3. Nf3 d5 4. g3 dxc4 5. Bg2 a6 6. O-O Nc6 7. Bg5 Be7 8. e3 O-O 9. Nfd2 e5 10. Bxf6 Bxf6 11. d5 Na5 12. Nc3 b5 13. b4 Nb7 14. a4 Bd7 15. Nde4 Be7 16. axb5 axb5 17. Rxa8 Qxa8 18. d6 cxd6 19. Nd5 Qd8 20. Nec3 Bg5 21. h4 Bh6 22. Qa1 Qb8 23. Qa6 Nd8 24. Ne4 Kh8 25. Nxd6 f5 1-0


[Site "http://www.Chess.com"]

[Event "FIDE World Rapid Chess Championship 2021"]
[White "Toczek, Grzegorz"]
[Black "Sadzikowski, Daniel"]
[WhiteFideId "1106457"]
[BlackFideId "1132253"]
[WhiteElo "2220"]
[BlackElo "2414"]
[Result "0-1"]
[Round "07"]
[TimeControl "900+10"]
[Date "2021.12.27"]
[WhiteClock "0:00:46"]
[BlackClock "0:00:33"]

1. e4 c5 2. c3 d5 3. exd5 Qxd5 4. d4 Nf6 5. Nf3 e6 6. Na3 Nc6 7. Nb5 Qd8 8. dxc5 Bxc5 9. Qxd8+ Kxd8 10. Be3 Bxe3 11. fxe3 Ke7 12. Bd3 Rd8 13. Ke2 b6 14. Nbd4 Bb7 15. Bb5 Rac8 16. Nxc6+ Bxc6 17. Bxc6 Rxc6 18. Rad1 Rxd1 19. Rxd1 Rc5 20. Nd4 Ne4 21. Kf3 f5 22. h4 Nf6 23. Rd2 g6 24. Nb3 Rc8 25. Rd4 e5 26. Ra4 Rc7 27. Nd2 Rd7 28. Ke2 Nh5 29. Nf1 Nf6 30. Nd2 h6 31. Rc4 Ne8 32. Rc8 Rc7 33. Ra8 Nd6 34. Rh8 Nf7 35. Rg8 Kf6 36. Nf3 Rd7 37. Nd2 Rd8 38. Rxd8 Nxd8 39. e4 Ne6 40. Kf3 Nc5 41. exf5 gxf5 42. g3 Na4 43. Nc4 h5 44. Ke3 Ke6 45. Kd2 b5 46. Na3 a6 47. b3 Nc5 48. c4 Ne4+ 49. Ke3 bxc4 50. Nxc4 Nxg3 51. b4 Ne4 52. a4 Nd6 53. Nd2 f4+ 54. Kf3 Kf5 55. Nb3 e4+ 56. Ke2 Kg4 57. Nc5 Kg3 58. b5 axb5 59. axb5 f3+ 60. Kf1 e3 61. b6 e2+ 62. Ke1 f2+ 63. Kxe2 Kg2 64. Kd3 0-1


[Site "http://www.Chess.com"]

[Event "FIDE World Rapid Chess Championship 2021"]
[White "Peng, Li Min"]
[Black "Lopusiewicz, Piotr"]
[WhiteFideId "14112620"]
[BlackFideId "1116029"]
[WhiteElo "2411"]
[BlackElo "2197"]
[Result "1-0"]
[Round "07"]
[TimeControl "900+10"]
[Date "2021.12.27"]
[WhiteClock "0:01:03"]
[BlackClock "0:00:23"]

1. d4 Nf6 2. c4 e6 3. Nc3 d5 4. cxd5 exd5 5. Bg5 Be7 6. e3 h6 7. Bh4 O-O 8. Qc2 c6 9. Bd3 Nbd7 10. Nge2 Re8 11. O-O Nh5 12. Bxe7 Qxe7 13. Rab1 a5 14. Na4 Nhf6 15. Ng3 g6 16. Rbe1 Ne4 17. Bxe4 dxe4 18. f3 exf3 19. Rxf3 Nf8 20. a3 Bg4 21. Rf4 h5 22. h3 Ne6 23. Rff1 h4 24. Nh1 Bh5 25. Nf2 g5 26. Nb6 Rad8 27. Qc3 Bg6 28. Ng4 f5 29. Ne5 Bh7 30. Qxa5 c5 31. Rd1 cxd4 32. Nd5 Rxd5 33. Qxd5 Rd8 34. Qb3 Kg7 35. Nf3 dxe3 36. Qxe3 Re8 37. Qe5+ Kg8 38. Rfe1 Kf8 39. Rd6 Kf7 40. Qxe6+ Qxe6 41. Nxg5+ 1-0


[Site "http://www.Chess.com"]

[Event "FIDE World Rapid Chess Championship 2021"]
[White "Yunusov, Mukhammad"]
[Black "Thybo, Jesper Sondergaard"]
[WhiteFideId "14700930"]
[BlackFideId "1438832"]
[WhiteElo "1832"]
[BlackElo "2401"]
[Result "0-1"]
[Round "07"]
[TimeControl "900+10"]
[Date "2021.12.27"]
[WhiteClock "0:00:34"]
[BlackClock "0:05:04"]

1. d4 Nf6 2. Nf3 g6 3. Nc3 d5 4. Bf4 Bg7 5. Qd2 Ne4 6. Nxe4 dxe4 7. Ne5 c5 8. dxc5 Qxd2+ 9. Kxd2 O-O 10. e3 Rd8+ 11. Ke1 f6 12. Nc4 Na6 13. Rd1 Be6 14. Na3 Nxc5 15. Rxd8+ Rxd8 16. Bc4 f5 17. Bxe6+ Nxe6 18. c3 g5 19. Bg3 f4 20. exf4 gxf4 21. Bh4 f3 22. gxf3 exf3 23. Rg1 Nf4 0-1


[Site "http://www.Chess.com"]

[Event "FIDE World Rapid Chess Championship 2021"]
[White "Blanco Acevedo, Cristobal Jose"]
[Black "Kolosowski, Mateusz"]
[WhiteFideId "3900525"]
[BlackFideId "1129708"]
[WhiteElo "2289"]
[BlackElo "2371"]
[Result "1-0"]
[Round "07"]
[TimeControl "900+10"]
[Date "2021.12.27"]
[WhiteClock "0:00:30"]
[BlackClock "0:00:16"]

1. d4 Nf6 2. Nf3 g6 3. Bg5 Bg7 4. Nbd2 d5 5. e3 O-O 6. Bd3 c5 7. c3 b6 8. O-O Bb7 9. Ne5 Qc8 10. Bxf6 exf6 11. Nef3 f5 12. Rc1 Nd7 13. c4 f4 14. cxd5 fxe3 15. fxe3 Bxd5 16. e4 Bb7 17. b4 Qd8 18. bxc5 Nxc5 19. dxc5 Qxd3 20. c6 Ba6 21. Re1 Rac8 22. Qb3 Rfd8 23. e5 Bh6 24. c7 Re8 25. Rc3 Qd7 26. Ne4 Bg7 27. Nd6 Bf8 28. Rd1 Be2 29. Nxe8 Qxe8 30. Rd2 Ba6 31. Qd5 Bb4 32. Rdc2 Qe7 33. Rb3 Kg7 34. Nd4 Bc5 35. Rxc5 bxc5 36. Qd6 Qh4 37. Nf3 Qc4 38. Rb1 Qxa2 39. Rd1 Qe6 40. Qxc5 Bb7 41. Qd6 a5 42. Ng5 Qf5 43. h4 Bxg2 44. Kxg2 Qg4+ 45. Kh2 Qf4+ 46. Kh3 Qe3+ 47. Kg2 Qe2+ 48. Kg3 Qe3+ 49. Nf3 Qc3 50. Qf6+ Kh6 51. Rd7 1-0


[Site "http://www.Chess.com"]

[Event "FIDE World Rapid Chess Championship 2021"]
[White "Carlsson, Pontus"]
[Black "Nasuta, Grzegorz"]
[WhiteFideId "1705814"]
[BlackFideId "1141686"]
[WhiteElo "2436"]
[BlackElo "2345"]
[Result "1-0"]
[Round "07"]
[TimeControl "900+10"]
[Date "2021.12.27"]
[WhiteClock "0:04:36"]
[BlackClock "0:00:32"]

1. e4 c5 2. Nf3 d6 3. Bb5+ Nd7 4. d4 cxd4 5. Qxd4 a6 6. Bxd7+ Bxd7 7. Nc3 e5 8. Qd3 h6 9. O-O Nf6 10. Rd1 Rc8 11. Nd2 Qc7 12. Nf1 Be6 13. Ne3 Be7 14. Bd2 Qc5 15. Be1 O-O 16. Kh1 Rfd8 17. f3 Rd7 18. Bf2 Bd8 19. Qe2 Qb4 20. Rab1 Rxc3 21. bxc3 Qxc3 22. Rd3 Qc6 23. a3 b5 24. Qd1 Bb6 25. Qe1 Bxe3 26. Bxe3 Bc4 27. Rd2 d5 28. exd5 Nxd5 29. Rbd1 Re7 30. Bf2 Nf6 31. Rd6 Qc7 32. Bb6 Qb7 33. Bd8 Re6 34. Bxf6 Rxf6 35. Rxf6 gxf6 36. Rd8+ Kh7 37. Qg3 1-0


[Site "http://www.Chess.com"]

[Event "FIDE World Rapid Chess Championship 2021"]
[White "Saraci, Nderim"]
[Black "Lubczynski, Rafal"]
[WhiteFideId "6351921"]
[BlackFideId "1126091"]
[WhiteElo "2414"]
[BlackElo "2289"]
[Result "1-0"]
[Round "07"]
[TimeControl "900+10"]
[Date "2021.12.27"]
[WhiteClock "0:00:47"]
[BlackClock "0:00:12"]

1. d4 d5 2. c4 c6 3. Nf3 Nf6 4. Qc2 g6 5. g3 Bg7 6. Bg2 Bf5 7. Qb3 Qb6 8. Nc3 Na6 9. O-O Qxb3 10. axb3 Bc2 11. Ra3 O-O 12. Bf4 Be4 13. Rfa1 e6 14. Bf1 Bxf3 15. exf3 dxc4 16. bxc4 Nh5 17. Bd6 Rfd8 18. c5 Nb4 19. Rxa7 Rxa7 20. Rxa7 Bf8 21. Rxb7 Nc2 22. Bxf8 Kxf8 23. Ne4 Rxd4 24. Be2 Rb4 25. Rb6 h6 26. Bd3 Rxb6 27. cxb6 1-0


[Site "http://www.Chess.com"]

[Event "FIDE World Rapid Chess Championship 2021"]
[White "Duda, Jan-Krzysztof"]
[Black "Movsesian, Sergei"]
[WhiteFideId "1170546"]
[BlackFideId "310204"]
[WhiteElo "2801"]
[BlackElo "2667"]
[Result "1-0"]
[Round "08"]
[TimeControl "900+10"]
[Date "2021.12.27"]
[WhiteClock "0:00:19"]
[BlackClock "0:00:20"]

1. d4 d5 2. c4 c6 3. Nf3 Nf6 4. e3 Bf5 5. Nc3 e6 6. Nh4 Be4 7. f3 Bg6 8. Qb3 Qc7 9. Nxg6 hxg6 10. Bd2 Nbd7 11. O-O-O a5 12. c5 b6 13. cxb6 Nxb6 14. g4 a4 15. Qc2 a3 16. b3 Bd6 17. Kb1 Qb7 18. e4 dxe4 19. Nxe4 Be7 20. Nc5 Qc7 21. h4 Nfd5 22. h5 gxh5 23. gxh5 Nd7 24. Ne4 Qb6 25. h6 gxh6 26. Rxh6 Rxh6 27. Bxh6 Bb4 28. Bg5 f6 29. Nxf6+ N7xf6 30. Bxf6 Nxf6 31. Qg6+ Kd7 32. Qxf6 Rf8 33. Qg7+ Be7 34. Bc4 Qa5 35. Qe5 Qc3 36. Bxe6+ Ke8 37. Qh5+ Kd8 38. Qh2 Rf4 39. Bg4 Bd6 40. Qc2 Bb4 41. Qxc3 Bxc3 42. Rc1 Bb2 43. Rc3 c5 44. Rxc5 Rxd4 45. Rc6 Ke7 46. Kc2 Rd7 47. Rc4 Rd8 48. b4 Rd5 49. Bc8 Kd6 50. Bb7 Rg5 51. Kb3 Rg2 52. Be4 Re2 53. b5 Re3+ 54. Kb4 Bf6 55. b6 Be7 56. b7 Kd7+ 57. Ka4 Re2 58. b8=Q 1-0


[Site "http://www.Chess.com"]

[Event "FIDE World Rapid Chess Championship 2021"]
[White "Fedoseev, Vladimir"]
[Black "Jobava, Baadur"]
[WhiteFideId "24130737"]
[BlackFideId "13601520"]
[WhiteElo "2692"]
[BlackElo "2679"]
[Result "1/2-1/2"]
[Round "08"]
[TimeControl "900+10"]
[Date "2021.12.27"]
[WhiteClock "0:03:11"]
[BlackClock "0:01:30"]

1. d4 d5 2. Nf3 Nf6 3. Bf4 Bf5 4. e3 e6 5. c4 c6 6. Nc3 Nbd7 7. Be2 Be7 8. Nh4 Be4 9. O-O O-O 10. Qb3 Qb6 11. c5 Qxb3 12. axb3 a5 13. Bc7 Ne8 14. Bg3 Nef6 15. Rfc1 Rfc8 16. f3 Bg6 17. Nxg6 hxg6 18. Na4 Bd8 19. Be1 Bc7 20. f4 Ne4 21. h4 f5 22. g4 fxg4 23. Bxg4 Kf7 24. Bf3 Nef6 25. Rc2 Ng8 26. Rh2 Ne7 27. Kf1 Rh8 28. Rh3 Nf5 29. Ke2 Nf6 30. Kd3 Ra6 31. Be2 Raa8 32. Kc2 Ne4 33. Nc3 Nf6 34. Na4 Ne4 35. Nc3 Nf6 36. Na4 1/2-1/2


[Site "http://www.Chess.com"]

[Event "FIDE World Rapid Chess Championship 2021"]
[White "Alekseenko, Kirill"]
[Black "Nakamura, Hikaru"]
[WhiteFideId "4135539"]
[BlackFideId "2016192"]
[WhiteElo "2637"]
[BlackElo "2836"]
[Result "1/2-1/2"]
[Round "08"]
[TimeControl "900+10"]
[Date "2021.12.27"]
[WhiteClock "0:00:20"]
[BlackClock "0:02:00"]

1. e4 e5 2. Nf3 Nc6 3. Bb5 a6 4. Ba4 d6 5. O-O Bd7 6. c4 g6 7. d4 exd4 8. Nxd4 Bg7 9. Be3 Nge7 10. Nc3 Ne5 11. Bxd7+ Qxd7 12. b3 O-O 13. Rc1 Rae8 14. h3 f5 15. exf5 Nxf5 16. Nxf5 Qxf5 17. Qd5+ Rf7 18. Rfd1 c6 19. Qe4 Qh5 20. Kf1 Rff8 21. Ne2 Nd7 22. Qd3 Nc5 23. Bxc5 dxc5 24. Ng1 g5 25. Re1 Rd8 26. Qe2 Qf7 27. Nf3 h6 28. Rcd1 Bd4 29. Qe6 Kg7 30. Qxf7+ Rxf7 31. Re4 Rfd7 32. Ke2 Kf6 33. Rd3 Bb2 34. Rxd7 Rxd7 35. Re3 Bd4 36. Re4 Bc3 37. g3 Rd8 38. Re3 Bd4 39. Rd3 a5 40. Nd2 Re8+ 41. Kf1 a4 42. Nf3 axb3 43. axb3 Re4 44. Nd2 Re8 45. Nf3 1/2-1/2


[Site "http://www.Chess.com"]

[Event "FIDE World Rapid Chess Championship 2021"]
[White "Caruana, Fabiano"]
[Black "Cheparinov, Ivan"]
[WhiteFideId "2020009"]
[BlackFideId "2905540"]
[WhiteElo "2770"]
[BlackElo "2621"]
[Result "1/2-1/2"]
[Round "08"]
[TimeControl "900+10"]
[Date "2021.12.27"]
[WhiteClock "0:00:52"]
[BlackClock "0:02:11"]

1. d4 Nf6 2. Nf3 d5 3. c4 e6 4. g3 Bb4+ 5. Bd2 a5 6. Bg2 O-O 7. O-O dxc4 8. Bg5 c6 9. Ne5 b5 10. a3 Bd6 11. a4 Ra6 12. Nc3 h6 13. Bf4 Nd5 14. axb5 Nxc3 15. bxa6 Nxd1 16. a7 Bb7 17. axb8=Q Bxb8 18. Rfxd1 Bxe5 19. dxe5 Qb6 20. Be3 c5 21. Bxb7 Qxb7 22. Bxc5 Rc8 23. Bd4 Qe4 24. Bc3 Qxe2 25. Rd2 Qf3 26. Rxa5 Ra8 27. Rxa8+ Qxa8 28. Rd4 Qf3 29. h4 Qe2 30. Rf4 g5 31. hxg5 hxg5 32. Rf6 Kg7 33. Kg2 Qe4+ 34. Kh3 Qe2 35. Kg2 Qd1 36. Kh3 Qh5+ 37. Kg2 Kf8 38. Bb4+ Ke8 39. Bc3 Kd7 40. Bb4 Kc6 41. Bc3 Kd5 42. Rf3 Qh7 43. Rf6 Ke4 44. Rf3 Qh5 45. Re3+ Kd5 46. Re1 Kc5 47. Ra1 Kd5 48. Re1 1/2-1/2


[Site "http://www.Chess.com"]

[Event "FIDE World Rapid Chess Championship 2021"]
[White "Giri, Anish"]
[Black "Volokitin, Andrei"]
[WhiteFideId "24116068"]
[BlackFideId "14107090"]
[WhiteElo "2767"]
[BlackElo "2631"]
[Result "1/2-1/2"]
[Round "08"]
[TimeControl "900+10"]
[Date "2021.12.27"]
[WhiteClock "0:04:35"]
[BlackClock "0:00:40"]

1. Nf3 d5 2. d4 Nf6 3. c4 e6 4. g3 Bb4+ 5. Bd2 Be7 6. Bg2 O-O 7. O-O c6 8. Qc2 Nbd7 9. Rc1 a5 10. e3 b5 11. cxb5 cxb5 12. Nc3 b4 13. Na4 Ba6 14. Bf1 Bxf1 15. Kxf1 Ne4 16. Qc7 g5 17. Be1 g4 18. Nd2 Nxd2+ 19. Bxd2 Nf6 20. Qxd8 Rfxd8 21. Rc6 Ne4 22. Ke2 Rdc8 23. Rac1 Rxc6 24. Rxc6 Kf8 25. Be1 Ke8 26. f3 gxf3+ 27. Kxf3 Bd6 28. Nb6 Ra6 29. Rc8+ Ke7 30. Rc6 Ke8 31. Rc8+ Ke7 1/2-1/2


[Site "http://www.Chess.com"]

[Event "FIDE World Rapid Chess Championship 2021"]
[White "Anton Guijarro, David"]
[Black "Rapport, Richard"]
[WhiteFideId "2285525"]
[BlackFideId "738590"]
[WhiteElo "2627"]
[BlackElo "2750"]
[Result "1/2-1/2"]
[Round "08"]
[TimeControl "900+10"]
[Date "2021.12.27"]
[WhiteClock "0:01:13"]
[BlackClock "0:01:50"]

1. Nf3 Nf6 2. c4 g6 3. Nc3 Bg7 4. e4 d6 5. d4 O-O 6. Be2 e5 7. d5 a5 8. O-O Na6 9. Re1 Nc5 10. Bf1 Bd7 11. b3 c6 12. Ba3 Qb6 13. Rb1 Qa7 14. h3 cxd5 15. cxd5 Rfc8 16. Nd2 Bh6 17. Nc4 b5 18. Nxd6 b4 19. Ncb5 Bxb5 20. Nxb5 Qb6 21. Bc1 Bxc1 22. Qxc1 Ncxe4 23. Qe3 Qxe3 24. Rxe3 Rc5 25. Rd1 Rd8 26. Bc4 Kg7 27. g4 Rxb5 28. Bxb5 Nc3 29. Rxc3 bxc3 30. Bc4 Nxd5 31. Bxd5 e4 32. Kf1 f5 33. gxf5 c2 34. Rc1 Rxd5 35. f6+ Kxf6 36. Rxc2 h5 37. Kg2 Ke5 1/2-1/2


[Site "http://www.Chess.com"]

[Event "FIDE World Rapid Chess Championship 2021"]
[White "Korobov, Anton"]
[Black "Gareyev, Timur"]
[WhiteFideId "14105730"]
[BlackFideId "14200937"]
[WhiteElo "2689"]
[BlackElo "2578"]
[Result "0-1"]
[Round "08"]
[TimeControl "900+10"]
[Date "2021.12.27"]
[WhiteClock "0:01:23"]
[BlackClock "0:03:47"]

1. d4 e6 2. c4 d5 3. Nc3 c5 4. e3 Nf6 5. Nf3 a6 6. dxc5 Bxc5 7. a3 O-O 8. b4 Bd6 9. cxd5 exd5 10. Bb2 Nc6 11. Be2 Bf5 12. O-O Re8 13. Rc1 h6 14. g3 Bf8 15. Re1 Rc8 16. Nd4 Bd7 17. Nxc6 Bxc6 18. b5 axb5 19. Nxb5 Ne4 20. Nd4 Qa5 21. Bg4 Ba4 22. Qe2 Rc4 23. Bf5 Nc5 24. Bb1 Qb6 25. Ba1 Qa6 26. Qf3 Rd8 27. Qf5 g6 28. Qf4 Ne6 29. Qh4 Ng5 30. Qf4 Nh3+ 0-1


[Site "http://www.Chess.com"]

[Event "FIDE World Rapid Chess Championship 2021"]
[White "Van Foreest, Jorden"]
[Black "Firouzja, Alireza"]
[WhiteFideId "1039784"]
[BlackFideId "12573981"]
[WhiteElo "2563"]
[BlackElo "2656"]
[Result "1/2-1/2"]
[Round "08"]
[TimeControl "900+10"]
[Date "2021.12.27"]
[WhiteClock "0:01:17"]
[BlackClock "0:00:02"]

1. e4 e5 2. Nf3 Nc6 3. Bc4 Nf6 4. d3 Bc5 5. c3 d6 6. O-O O-O 7. Re1 a5 8. Bg5 h6 9. Bh4 g5 10. Bg3 Ba7 11. Nbd2 Ne8 12. a3 Qf6 13. b4 Ne7 14. h3 Ng6 15. d4 h5 16. Nf1 g4 17. hxg4 hxg4 18. N3h2 Qg5 19. bxa5 Nf6 20. Rb1 Kg7 21. Rb5 Re8 22. Qd3 c6 23. Rbb1 d5 24. exd5 Bf5 25. Qe3 Qxe3 26. Nxe3 Bxb1 27. Rxb1 cxd5 28. Nxd5 Nxd5 29. Bxd5 Rad8 30. Bxb7 exd4 31. cxd4 Rxd4 32. Nf1 Nf4 33. Ba6 Ne2+ 34. Bxe2 Rxe2 35. Bc7 Ra4 36. Bb6 Bb8 37. Ne3 Ra2 38. a6 Kg6 39. Bc5 Be5 40. a7 g3 41. fxg3 R2xa3 42. Rb6+ f6 43. Bxa3 Rxa3 44. Kf1 Rxa7 45. Ng4 Bd4 1/2-1/2


[Site "http://www.Chess.com"]

[Event "FIDE World Rapid Chess Championship 2021"]
[White "Niemann, Hans Moke"]
[Black "Dubov, Daniil"]
[WhiteFideId "2093596"]
[BlackFideId "24126055"]
[WhiteElo "2327"]
[BlackElo "2735"]
[Result "0-1"]
[Round "08"]
[TimeControl "900+10"]
[Date "2021.12.27"]
[WhiteClock "0:09:37"]
[BlackClock "0:00:14"]

1. Nf3 d5 2. d4 Nf6 3. c4 c6 4. e3 Bf5 5. Nc3 e6 6. Nh4 Bg6 7. Qb3 Qc7 8. Bd2 Be7 9. Nxg6 hxg6 10. g3 Nbd7 11. Rc1 Nb6 12. c5 Nbd7 13. Qc2 e5 14. b4 a6 15. Bg2 e4 16. h4 Nf8 17. Bh3 Ne6 18. Ke2 Qd7 19. Rcg1 Kf8 20. Kd1 Kg8 21. Ne2 g5 22. hxg5 Rxh3 23. Rxh3 Nxg5 24. Rhh1 Ng4 25. Rf1 Nf3 26. Kc1 a5 27. Kb1 axb4 28. Bxb4 b6 29. Ka1 bxc5 30. Bxc5 Bxc5 31. dxc5 Nge5 32. Nd4 Nxd4 33. exd4 Nd3 34. Rh4 Nb4 35. Qb3 Rxa2+ 36. Kb1 Qa7 37. Rfh1 Ra1+ 38. Kb2 Nd3+ 39. Kc2 Ne1+ 40. Kb2 Nd3+ 41. Kc2 Rxh1 42. Rxh1 Nxf2 43. Rb1 Qa6 44. Kd2 Ng4 45. Rh1 Qc8 46. Qb6 Nh6 47. Rb1 Qf5 48. Kc3 Qf3+ 49. Kb2 Qf2+ 50. Ka3 Qxg3+ 51. Rb3 Qg6 52. Qc7 Qf6 53. Qd6 Nf5 54. Qxf6 gxf6 55. Rb6 e3 56. Rb8+ Kg7 57. Kb2 Nxd4 58. Re8 Ne6 59. Kc2 f5 60. Kd3 f4 0-1


[Site "http://www.Chess.com"]

[Event "FIDE World Rapid Chess Championship 2021"]
[White "Efimenko, Zahar"]
[Black "Salem, A.R. Saleh"]
[WhiteFideId "14107201"]
[BlackFideId "9301348"]
[WhiteElo "2609"]
[BlackElo "2729"]
[Result "1/2-1/2"]
[Round "08"]
[TimeControl "900+10"]
[Date "2021.12.27"]
[WhiteClock "0:01:13"]
[BlackClock "0:00:20"]

1. Nf3 d5 2. g3 Nf6 3. Bg2 c5 4. O-O e6 5. c4 d4 6. e3 Nc6 7. exd4 cxd4 8. d3 Bd6 9. Na3 O-O 10. Nc2 e5 11. b4 Re8 12. c5 Bf8 13. Bg5 a6 14. Re1 Bf5 15. Nh4 Bd7 16. Qf3 b6 17. cxb6 Rb8 18. Nf5 Re6 19. a3 Rxb6 20. Rac1 h6 21. Bd2 Ne7 22. Nxe7+ Bxe7 23. Qe2 Bb5 24. f3 Bf8 25. Na1 Ba4 26. Bh3 Nd5 27. Bxe6 Rxe6 28. Rc4 Nb6 29. Rcc1 f5 30. Qf2 Qd5 31. Nc2 Bb5 32. Nxd4 exd4 33. Rxe6 Qxe6 34. Qxd4 Nd7 35. Bf4 g5 36. Bd2 Bg7 37. Qe3 Qd5 38. Rc8+ Kh7 39. Bc3 Ne5 40. Rc7 Nf7 41. Bxg7 Kxg7 42. d4 Kg6 43. Rc5 Qd6 44. Kf2 1/2-1/2


[Site "http://www.Chess.com"]

[Event "FIDE World Rapid Chess Championship 2021"]
[White "Chigaev, Maksim"]
[Black "Mamedyarov, Shakhriyar"]
[WhiteFideId "4108116"]
[BlackFideId "13401319"]
[WhiteElo "2605"]
[BlackElo "2727"]
[Result "1-0"]
[Round "08"]
[TimeControl "900+10"]
[Date "2021.12.27"]
[WhiteClock "0:00:50"]
[BlackClock "0:00:31"]

1. c4 Nf6 2. g3 g6 3. Bg2 Bg7 4. e4 O-O 5. Nc3 c5 6. Nge2 Nc6 7. O-O d6 8. d3 a6 9. h3 Rb8 10. a4 Ne8 11. Be3 Nd4 12. Rb1 Nc7 13. b4 Bd7 14. bxc5 dxc5 15. a5 Bc6 16. Nd5 Nxe2+ 17. Qxe2 Ne6 18. Qd2 Nd4 19. Bf4 Qd7 20. Bxb8 Rxb8 21. Kh2 e6 22. Qf4 Qd8 23. Ne7+ Kf8 24. Nxc6 Nxc6 25. Rb6 Be5 26. Qe3 Qe7 27. Rfb1 Nxa5 28. Qd2 Nc6 29. f4 Bc7 30. Rxb7 Rxb7 31. Rxb7 Bxf4 32. Rxe7 Bxd2 33. Rc7 Ne5 34. Rxc5 Nxd3 35. Rc8+ Ke7 36. Rc7+ Kd6 37. Rxf7 a5 38. Rxh7 Nc5 39. Ra7 Ke5 40. h4 a4 41. Bf3 Bc1 42. g4 Kf4 43. Bd1 a3 44. g5 Bb2 45. e5 Nd3 46. Bc2 Nxe5 47. c5 Ke3 48. Kh3 Kd4 49. c6 Nxc6 50. Ra4+ Kc3 51. Bxg6 Nb4 52. Bb1 Kb3 53. Ra8 e5 54. h5 e4 55. Bxe4 a2 56. Rxa2 Kxa2 57. h6 1-0


[Site "http://www.Chess.com"]